 Dungeon Crawl Stone Soup version 0.28-a0-1002-gf00fe891ef (webtiles) character file.

Game seed: 14450075850664875523

390 Umoon2 the Shield-Bearer (level 7, -6/51 (54) HPs)
             Began as a Formicid Fighter on Dec 7, 2021.
             Mangled by a wight (11 damage)
             ... on level 4 of the Dungeon.
             The game lasted 00:04:55 (3815 turns).

Umoon2 the Shield-Bearer (Formicid Fighter)         Turns: 3815, Time: 00:04:56

HP:   -6/51 (54)    AC:  7    Str: 21    XL:     7   Next: 7%
MP:   7/7           EV: 14    Int:  9    God:
Gold: 114           SH:  5    Dex: 10    Spells: 6/6 levels left

rFire   + . .      SeeInvis +   o - +2 scythe (vamp)
rCold   + . .      Faith    .   c - +0 buckler
rNeg    . . .      Spirit   .   b - +0 scale mail
rPois   +          Reflect  .   (helmet unavailable)
rElec   +          Harm     .   (no cloak)
rCorr   +          Rampage  .   (no gloves)
Will    +....                   (no boots)
Stlth   ..........              u - amulet of the acrobat
HPRegen 0.17/turn               g - ring of willpower
MPRegen 0.10/turn               j - +4 ring of evasion

@: resistant, drained
A: permanent stasis, dig shafts and tunnels, antennae 3, four strong arms
a: Dig, Shaft Self


You were on level 4 of the Dungeon.
You visited 1 branch of the dungeon, and saw 4 of its levels.

You collected 114 gold pieces.

Inventory:

Hand Weapons
 a - a +0 quarterstaff
 o - a +2 vampiric scythe (weapon)
Armour
 b - a +0 scale mail (worn)
 c - a +0 buckler (worn)
 q - a +0 hat
Jewellery
 g - a ring of willpower (left hand)
 j - a +4 ring of evasion (right hand)
 s - an amulet of magic regeneration
 t - a ring of wizardry
 u - an amulet of the acrobat (around neck)
Scrolls
 f - 3 scrolls of magic mapping {unknown}
 i - a scroll of brand weapon {unknown}
 k - 3 scrolls of teleportation {unknown}
 l - 4 scrolls of identify {unknown}
 m - a scroll of silence {unknown}
 n - a scroll of noise {unknown}
 p - a scroll of summoning {unknown}
Potions
 d - a potion of might
 h - a potion of degeneration {unknown}
 r - a potion of heal wounds {unknown}


   Skills:
 + Level 4.2 Fighting
 * Level 3.8 Staves
 * Level 4.9 Armour
 + Level 1.6 Dodging
 * Level 5.4 Shields


You had 6 spell levels left.
You didn't know any spells.
Your spell library contained the following spells:

 Spells                   Type           Power      Damage    Failure   Level
 Magic Dart               Conj           0%         1d3       71%         1
 Pain                     Necr           0%         1d4       71%         1
 Shock                    Conj/Air       0%         1d3       71%         1
 Call Imp                 Summ           0%         N/A       85%         2
 Mephitic Cloud           Conj/Pois/Air  0%         N/A       97%         3
 Airstrike                Air            0%         N/A       100%        4
 Agony                    Necr           0%         N/A       100%        5
 Excruciating Wounds      Necr           0%         N/A       100%        5
 Conjure Ball Lightning   Conj/Air       0%         3x3d6     100%        6
 Discord                  Hex            0%         N/A       100%        8
 Disjunction              Tloc           0%         N/A       100%        8
 Swiftness                Air            Unusable   N/A       N/A         3

Dungeon Overview and Level Annotations

Branches:
Dungeon (4/15)
 Temple: D:4-7

Altars:


Innate Abilities, Weirdness & Mutations

You cannot be hasted, slowed, berserked, paralysed or teleported.
You can dig through walls and to a lower floor.
You have a pair of large antennae on your head. (SInv)
Your four strong arms can wield two-handed weapons with a shield.


Message History

You are too injured to fight recklessly!
You are too injured to fight recklessly!
You are too injured to fight recklessly!
You are too injured to fight recklessly!
You are too injured to fight recklessly!
You are too injured to fight recklessly!
You are too injured to fight recklessly!
You are too injured to fight recklessly!
You are too injured to fight recklessly!
You are too injured to fight recklessly!
You are too injured to fight recklessly!
You are too injured to fight recklessly!
You are too injured to fight recklessly!
You are too injured to fight recklessly!
You are too injured to fight recklessly!
You are too injured to fight recklessly!
You are too injured to fight recklessly!
You are too injured to fight recklessly!
You are too injured to fight recklessly! 2 wights come into view.
The wight completely misses you.
Unknown command.
You closely miss the wight. You block the wight's attack.
You closely miss the wight. The wight hits you with a +0 halberd!
* * * LOW HITPOINT WARNING * * *
The wight closely misses you.
You hit the wight but do no damage. The wight misses you.
You block the wight's attack.
Unknown command.
You hit the wight.
The wight is lightly damaged.
You block the wight's attack. The wight hits you with a +0 halberd!
* * * LOW HITPOINT WARNING * * *
You feel drained.
* * * LOW HITPOINT WARNING * * *
Unknown command.
It was a potion of resistance.
You feel protected. The wight hits you with a +0 halberd!
You die...

############
#...@zzz....
#.#########.
#.# #.# #.#
#.# ##.#
#..# #.##


You could see 3 wights.

Vanquished Creatures
  Sigmund (D:2)
  A necrophage (D:3)
  Robin (D:1)
  A gnoll (D:1)
  2 adders
  A shadow imp (D:3)
  An adder skeleton (D:4)
  A dart slug (D:1)
  3 orcs (D:3)
  8 endoplasms
  3 giant cockroaches
  10 goblins
  9 hobgoblins
  11 jackals
  A quokka (D:1)
  5 ball pythons
  9 bats
  3 frilled lizards
  9 kobolds
  2 rats
82 creatures vanquished.

Notes
Turn   | Place    | Note
-------+----------+-------------------------------------------
     0 | D:1      | Umoon2 the Formicid Fighter began the quest for the Orb.
     0 | D:1      | Reached XP level 1. HP: 18/18 MP: 1/1
   116 | D:1      | Reached XP level 2. HP: 24/24 MP: 2/2
   208 | D:1      | Reached XP level 3. HP: 29/29 MP: 3/3
   228 | D:1      | Reached skill level 4 in Shields
   641 | D:1      | Found a faded altar of an unknown god.
  1189 | D:2      | Noticed Robin
  1203 | D:2      | Reached XP level 4. HP: 22/35 MP: 4/4
  1229 | D:1      | Killed Robin
  1955 | D:2      | Noticed Sigmund
  2433 | D:2      | Killed Sigmund
  2434 | D:2      | Reached skill level 1 in Dodging
  2434 | D:2      | Reached skill level 5 in Shields
  2434 | D:2      | Reached XP level 5. HP: 28/42 MP: 5/5
  2434 | D:2      | Reached XP level 6. HP: 32/48 MP: 6/6
  3529 | D:4      | Noticed a necrophage
  3544 | D:3      | Killed a necrophage
  3545 | D:3      | Reached XP level 7. HP: 34/54 MP: 7/7
  3815 | D:4      | Mangled by a wight

Illustrated notes

Levels and vault maps discovered:
D:1:      sevenhm_arrival_forest_fort_small_3, layout_loops_ring,
          shapermc_ecumenical_altar_ellora, minmay_misc_feat_tower
D:2:      layout_loops_ring, kennysheep_small_spiral, hangedman_decor_riveting,
          uniq_sigmund, uniq_robin
D:3:      layout_basic, corner_web_ring
D:4:      layout_loops_ring, serial_shops, shop, minmay_snake_closets,
          uniq_eustachio

Skill      XL: |  1  2  3  4 |
---------------+-------------+-----
Shields        | 4 5 |  5.4
Armour         | 4 |  4.9
Fighting       | 4 |  4.2
Staves         | 3 |  3.8
Dodging        | 1 |  1.6

Action                   |  1- 3 |  4- 6 |  7- 9 || total
-------------------------+-------+-------+-------++-------
Melee: Quarterstaff      |    86 |    96 |       ||   182
       Scythe            |       |    62 |    17 ||    79
  Use: Potion            |       |       |     1 ||     1
Armor: Scale mail        |    41 |    54 |     5 ||   100
Dodge: Dodged            |    32 |   111 |    14 ||   157
Block: Buckler           |    19 |    38 |     6 ||    63

Table legend: (Time is in decaauts)
 A = Elapsed time spent in this place.
 B = Non-inter-level travel time spent in this place.
 C = Inter-level travel time spent in this place.
 D = Time resting spent in this place.
 E = Time spent auto-exploring this place.
 F = Levels seen in this place.
 G = Mean time per level.
                   A        B        C        D        E       F      G
               +--------+--------+--------+--------+--------+-----+--------+
         Total |   3916 |   3734 |    182 |    370 |   2624 |   4 |  979.0 |
       Dungeon |   3916 |   3734 |    182 |    370 |   2624 |   4 |  979.0 |
               +--------+--------+--------+--------+--------+-----+--------+

Top non-repeatable levels by time:
     D:1: 1467 daAuts
     D:2: 1176 daAuts
     D:3: 1091 daAuts
     D:4: 180 daAuts
